 Dungeon Crawl Stone Soup version 0.26-a0-663-g36e8fdb655 (webtiles) character file.

Game seed: 3314151375661745841

559 jasper the Sneak (level 7, -3/51 HPs)
             Began as a Gnoll Enchanter on Oct 11, 2020.
             Slain by a black bear (4 damage)
             ... on level 7 of the Dungeon.
             The game lasted 00:07:45 (4469 turns).

jasper the Sneak (Gnoll Enchanter)                  Turns: 4469, Time: 00:07:45

Health: -3/51      AC:  4    Str: 10    XL:     7   Next: 31%
Magic:  0/15       EV: 15    Int: 19    God:
Gold:   259        SH:  0    Dex: 16    Spells: 9/17 levels left

rFire    . . .     SeeInvis .   n - +4 dagger
rCold    . . .     Faith    .   (no shield)
rNeg     . . .     Spirit   .   t - +0 robe
rPois    .         Reflect  .   (no helmet)
rElec    .         Harm     .   (no cloak)
rCorr    .         Rampage  .   m - +0 pair of gloves
MR       .....                  j - +0 pair of boots
Stlth    +++.......             (no amulet)
HPRegen  0.17/turn              (no ring)
MPRegen  0.14/turn              (no ring)

@: mighty
A: distributed training, fangs 1, strong nose
a: no special abilities


You were on level 7 of the Dungeon.
You visited 1 branch of the dungeon, and saw 7 of its levels.

You collected 259 gold pieces.

Inventory:

Hand Weapons
 a - a +1 dagger
 n - a +4 dagger (weapon)
Missiles
 e - 123 stones (quivered)
Armour
 b - a +0 robe
 j - a +0 pair of boots (worn)
 m - a +0 pair of gloves (worn)
 t - a +0 robe (worn)
Jewellery
 g - an uncursed amulet of guardian spirit {unknown}
 y - an uncursed ring of stealth {unknown}
Wands
 q - a wand of enslavement (8)
Scrolls
 c - 2 scrolls of teleportation {unknown}
 d - a scroll of identify {unknown}
 f - 5 scrolls of amnesia
 h - 4 scrolls of remove curse
 i - a scroll of fear {unknown}
 k - 2 scrolls of fog {unknown}
 p - 2 scrolls of magic mapping {unknown}
 r - 2 scrolls of enchant armour {unknown}
 u - 2 scrolls of blinking {unknown}
 v - 2 scrolls of noise {unknown}
Potions
 l - a potion of might
 o - a potion of curing {unknown}
 s - a potion of lignification {unknown}
 w - a potion of heal wounds {unknown}
 x - a potion of magic {unknown}


   Skills:
 + Level 2.4 Fighting
 + Level 3.5 Short Blades
 + Level 2.4 Long Blades
 + Level 2.4 Axes
 + Level 2.4 Maces & Flails
 + Level 2.4 Polearms
 + Level 2.4 Staves
 + Level 2.4 Slings
 + Level 2.4 Bows
 + Level 2.4 Crossbows
 + Level 2.4 Throwing
 + Level 2.4 Armour
 + Level 5.2 Dodging
 + Level 6.5 Stealth
 + Level 2.4 Shields
 + Level 2.4 Unarmed Combat
 + Level 5.6 Spellcasting
 + Level 2.0 Conjurations
 + Level 5.8 Hexes
 + Level 2.0 Summonings
 + Level 2.0 Necromancy
 + Level 2.0 Translocations
 + Level 2.0 Transmutations
 + Level 2.0 Fire Magic
 + Level 2.0 Ice Magic
 + Level 2.0 Air Magic
 + Level 2.0 Earth Magic
 + Level 2.0 Poison Magic
 + Level 2.6 Invocations
 + Level 2.4 Evocations


You had 9 spell levels left.
You knew the following spells:

 Your Spells              Type           Power        Failure   Level
b - Ensorcelled Hibernat  Hex/Ice        ###...       3%          2
c - Confusing Touch       Hex            ####....     3%          3
d - Tukima's Dance        Hex            ####....     3%          3

Your spell library contained the following spells:

 Spells                   Type           Power        Failure   Level
 Corona                   Hex            ####...      1%          1
 Dazzling Flash           Conj/Hex       ###...       7%          3


Dungeon Overview and Level Annotations

Branches:
Dungeon (8/15)
 Temple: D:4-7         Lair: D:8-11

Altars:
Ashenzari
Dithmenos
Gozag
Nemelex Xobeh
Ru
Xom
Yredelemnul

Shops:
D:4 (

Annotations:
D:7 Maggie


Innate Abilities, Weirdness & Mutations

Your experience applies equally to all skills.
You have very sharp teeth.
Your uncanny sense of smell can sniff out nearby items.


Message History

Press: ? - help, Shift-Dir - straight line, f/p - Maggie
Aim: Maggie, wielding a +1 war axe of flaming and wearing +0 acid dragon scales (not susceptible) Maggie is unaffected.
Maggie completely misses you. The black bear bites you.
The black bear claws you.
* * * LOW HITPOINT WARNING * * *
The black bear claws you.
* * * LOW HITPOINT WARNING * * *
You take 9 damage, and have 9/51 hp.
You now have 2/15 mp.
Unknown command.
Unknown command.
Casting: Ensorcelled Hibernation (safe; 3% risk of failure)
Confirm with . or Enter, or press ? or * to list all spells.
Press: ? - help, Shift-Dir - straight line, f/p - Maggie
Aim: Maggie, wielding a +1 war axe of flaming and wearing +0 acid dragon scales (not susceptible) Maggie is unaffected.
The quokka bites you.
* * * LOW HITPOINT WARNING * * *
The black bear bites you.
* * * LOW HITPOINT WARNING * * *
The black bear claws you.
You die...

#.........#
#######.#.###
####......†#.#
#..........#.##
.##.......#..#
####..####.# ##.#
#.# ###># #.#
#########@U.## #.#
#......zr@...# ..#
#..........#.....#
#.........###+###.
#.........# .
#.$.......#
...........+
...........#
...........#


You could see Maggie, a black bear, a leopard gecko zombie and a quokka.

Vanquished Creatures
  An ogre (D:4)
  A scorpion (D:4)
  2 hounds
  2 orc wizards (D:4)
  Jessica (D:2)
  Natasha (thrice) (D:2)
  2 worker ants
  A hound zombie (D:5)
  3 gnolls (D:5)
  2 adders (D:3)
  A shadow imp (D:7)
  An ooze (D:2)
  4 worms
  A dart slug (D:1)
  6 orcs
  3 bats (D:2)
  A giant cockroach (D:2)
  13 hobgoblins
  4 jackals (D:5)
  7 kobolds
  2 quokkas
  4 ball pythons
  3 frilled lizards (D:1)
  8 goblins
  A leopard gecko skeleton (D:5)
  4 rats (D:2)
81 creatures vanquished.

Notes
Turn   | Place    | Note
-------+----------+-------------------------------------------
     0 | D:1      | jasper the Gnoll Enchanter began the quest for the Orb.
     0 | D:1      | Reached XP level 1. HP: 13/13 MP: 6/6
   358 | D:1      | Reached XP level 2. HP: 19/19 MP: 7/7
   364 | D:1      | Learned a level 2 spell: Ensorcelled Hibernation
  1357 | D:2      | Reached skill level 5 in Spellcasting
  1357 | D:2      | Reached XP level 3. HP: 24/25 MP: 1/9
  1436 | D:2      | Noticed Natasha
  1440 | D:2      | Killed Natasha
  1440 | D:2      | Reached skill level 1 in Fighting
  1440 | D:2      | Reached skill level 1 in Long Blades
  1440 | D:2      | Reached skill level 1 in Axes
  1440 | D:2      | Reached skill level 1 in Maces & Flails
  1440 | D:2      | Reached skill level 1 in Polearms
  1440 | D:2      | Reached skill level 1 in Staves
  1440 | D:2      | Reached skill level 1 in Slings
  1440 | D:2      | Reached skill level 1 in Bows
  1440 | D:2      | Reached skill level 1 in Crossbows
  1440 | D:2      | Reached skill level 1 in Throwing
  1440 | D:2      | Reached skill level 1 in Armour
  1440 | D:2      | Reached skill level 6 in Stealth
  1440 | D:2      | Reached skill level 1 in Shields
  1440 | D:2      | Reached skill level 1 in Unarmed Combat
  1440 | D:2      | Reached skill level 1 in Invocations
  1440 | D:2      | Reached skill level 1 in Evocations
  1458 | D:2      | Noticed Natasha
  1464 | D:2      | Killed Natasha
  1464 | D:2      | Reached XP level 4. HP: 31/32 MP: 3/11
  1611 | D:2      | Noticed Jessica
  1613 | D:2      | Noticed Natasha
  1635 | D:2      | Killed Natasha
  1635 | D:2      | Reached skill level 1 in Conjurations
  1635 | D:2      | Reached skill level 1 in Summonings
  1635 | D:2      | Reached skill level 1 in Necromancy
  1635 | D:2      | Reached skill level 1 in Translocations
  1635 | D:2      | Reached skill level 1 in Transmutations
  1635 | D:2      | Reached skill level 1 in Fire Magic
  1635 | D:2      | Reached skill level 1 in Ice Magic
  1635 | D:2      | Reached skill level 1 in Air Magic
  1635 | D:2      | Reached skill level 1 in Earth Magic
  1635 | D:2      | Reached skill level 1 in Poison Magic
  1727 | D:2      | Killed Jessica
  1727 | D:2      | Reached XP level 5. HP: 17/37 MP: 0/12
  1900 | D:2      | Learned a level 3 spell: Confusing Touch
  1904 | D:2      | Learned a level 3 spell: Tukima's Dance
  3292 | D:4      | Reached XP level 6. HP: 44/44 MP: 10/13
  3429 | D:4      | Found a broken altar of Ashenzari.
  3431 | D:4      | Found a sacrificial altar of Ru.
  3432 | D:4      | Found a basalt altar of Yredelemnul.
  3433 | D:4      | Found a sparkling altar of Nemelex Xobeh.
  3434 | D:4      | Found a shadowy altar of Dithmenos.
  3556 | D:4      | Reached skill level 5 in Dodging
  3731 | D:4      | Found Lyitz's Antique Weapon Emporium.
  3820 | D:4      | Reached XP level 7. HP: 50/50 MP: 15/15
  4052 | D:5      | Entered Level 5 of the Dungeon
  4284 | D:5      | Found a shimmering altar of Xom.
  4396 | D:5      | Found an opulent altar of Gozag.
  4398 | D:5      | You fall into a shaft and drop 3 floors!
  4450 | D:7      | Noticed Maggie
  4469 | D:7      | HP: 1/51 [black bear (5)]
  4469 | D:7      | Slain by a black bear

Illustrated notes

Levels and vault maps discovered:
D:1:      minmay_arrival_four_circles, layout_basic, st_stairs_4
D:2:      layout_loops_ring, minmay_fractal_squares_5, uniq_natasha,
          uniq_jessica
D:3:      layout_basic, kennysheep_generic_room_8
D:4:      layout_basic, grunt_temple_overflow_open, serial_shops,
          nicolae_shop_behind_doors, minmay_misc_feat_cross
D:5:      layout_rooms, nicolae_gozag_seed_capital, basic_altar,
          kennysheep_diamond
D:7:      layout_rooms, nicolae_overflow_hidden_temple,
          minmay_temple_entry_glassed_door, uniq_maggie
D:8:      layout_rooms, okawaru_ov_weapons_minmay

Skill      XL: |  1  2  3  4  5  6  7 |
---------------+----------------------+-----
Spellcasting   | 5 |  5.6
Fighting       | 1 2 |  2.4
Long Blades    | 1 2 |  2.4
Axes           | 1 2 |  2.4
Maces & Flails | 1 2 |  2.4
Polearms       | 1 2 |  2.4
Staves         | 1 2 |  2.4
Slings         | 1 2 |  2.4
Bows           | 1 2 |  2.4
Crossbows      | 1 2 |  2.4
Throwing       | 1 2 |  2.4
Armour         | 1 2 |  2.4
Stealth        | 6 |  6.5
Shields        | 1 2 |  2.4
Unarmed Combat | 1 2 |  2.4
Invocations    | 1 2 |  2.6
Evocations     | 1 2 |  2.4
Conjurations   | 1 2 |  2.0
Summonings     | 1 2 |  2.0
Necromancy     | 1 2 |  2.0
Translocations | 1 2 |  2.0
Transmutations | 1 2 |  2.0
Fire Magic     | 1 2 |  2.0
Ice Magic      | 1 2 |  2.0
Air Magic      | 1 2 |  2.0
Earth Magic    | 1 2 |  2.0
Poison Magic   | 1 2 |  2.0
Short Blades   | 3 |  3.5
Dodging        | 5 |  5.2
Hexes          | |  5.8

Action                   |  1- 3 |  4- 6 |  7- 9 || total
-------------------------+-------+-------+-------++-------
Melee: Dagger            |    60 |    95 |    24 ||   179
       Bite              |     3 |     7 |       ||    10
       Punch             |       |       |     1 ||     1
 Cast: Corona            |    10 |       |       ||    10
       Ensorcelled Hiber |    17 |    26 |    21 ||    64
       Confusing Touch   |       |       |     1 ||     1
  Use: Scroll            |       |     2 |       ||     2
       Potion            |       |       |     1 ||     1
 Stab: Sleeping          |    10 |    25 |    10 ||    45
       Confused          |       |       |     1 ||     1
Armor: Robe              |     6 |    20 |     7 ||    33
Dodge: Dodged            |    32 |    77 |    46 ||   155

Table legend: (Time is in decaauts)
 A = Elapsed time spent in this place.
 B = Non-inter-level travel time spent in this place.
 C = Inter-level travel time spent in this place.
 D = Time resting spent in this place.
 E = Time spent auto-exploring this place.
 F = Levels seen in this place.
 G = Mean time per level.
                   A        B        C        D        E       F      G
               +--------+--------+--------+--------+--------+-----+--------+
         Total |   4456 |   4367 |     89 |    616 |   2995 |   7 |  636.6 |
       Dungeon |   4456 |   4367 |     89 |    616 |   2995 |   7 |  636.6 |
               +--------+--------+--------+--------+--------+-----+--------+

Top non-repeatable levels by time:
     D:1: 1307 daAuts
     D:2: 952 daAuts
     D:4: 942 daAuts
     D:3: 842 daAuts
     D:5: 343 daAuts
     D:7: 65 daAuts
     D:8: 3 daAuts
